 Dungeon Crawl Stone Soup version 0.16-a0-1243-g6e0463c (webtiles) character file.

4797 Herrn the Fighter (level 10, -4/64 HPs)
             Began as a Gargoyle Fighter on Oct 13, 2014.
             Was a Priest of Okawaru.
             Slain by a hill giant zombie (6 damage)
             ... on level 9 of the Dungeon.
             The game lasted 00:29:18 (8161 turns).

Herrn the Fighter (Gargoyle Fighter)                Turns: 8161, Time: 00:29:18

Health: -4/64      AC: 18    Str: 21      XL:     10   Next: 48%
Magic:  17/17      EV:  7    Int:  6 (8)  God:    Okawaru [***...]
Gold:   412        SH: 10    Dex: 10      Spells: 0 memorised, 9 levels left

rFire  . . .     SeeInvis .     a - +0 war axe
rCold  + + +     Clarity  .     x - +0 scale mail {rC+}
rNeg   + . .     SustAb   .     c - +0 shield
rPois  +         Gourm    .     b - +0 helmet
rElec  +         Spirit   .     v - +0 cloak
rCorr  .         Warding  .     (no gloves)
rMut   .         Stasis   .     C - +0 pair of boots (curse)
MR     .....                    (no amulet)
Stlth  ..........               (no ring)
                                J - ring of protection from cold

@: starving, not resistant to hostile enchantments, extremely unstealthy
A: cold resistance 1, negative energy resistance 1, electricity resistance, weak
1, unbreathing, petrification resistance, rot immunity, AC +7
a: Heroism, Renounce Religion


You were on level 9 of the Dungeon.
You worshipped Okawaru.
Okawaru was most pleased with you.
You were starving.

You visited 2 branches of the dungeon, and saw 10 of its levels.

You collected 412 gold pieces.

Inventory:

Hand weapons
 a - a +0 war axe (weapon)
 h - a +1 hand axe of chopping
 I - a +1 hand axe of chopping
Armour
 b - a +0 helmet (worn)
 c - a +0 shield (worn)
 v - a +0 cloak (worn)
 x - a +0 scale mail of cold resistance (worn)
 y - a +0 plate armour
 C - a cursed +0 pair of boots (worn)
 F - a +2 pair of boots
 P - a troll hide
Jewellery
 J - a ring of protection from cold (left hand)
Magical devices
 w - a wand of disintegration (7)
 H - a wand of flame (20)
Scrolls
 e - a scroll of enchant armour {unknown}
 i - 3 scrolls of recharging
 j - 2 scrolls of fog
 l - 6 scrolls of remove curse
 m - 3 scrolls of random uselessness {unknown}
 n - 5 scrolls of blinking {unknown}
 p - 2 scrolls of noise {unknown}
 r - 2 scrolls of teleportation {unknown}
 u - a scroll of silence {unknown}
 z - a scroll of amnesia {unknown}
 A - a scroll of enchant weapon {unknown}
 E - a scroll of magic mapping {unknown}
Potions
 f - a potion of heal wounds
 o - 2 potions of curing
 q - 3 potions of restore abilities
 s - a potion of resistance
 B - a potion of agility {unknown}
 D - a potion of brilliance {unknown}
 K - 2 potions of cancellation {unknown}
Books
 G - a book of Alchemy

   Spells                             Type                      Level
   Sublimation of Blood               Necromancy                   2
   Alistair's Intoxication            Transmutation/Poison         4
   Condensation Shield                Ice                          4
   Petrify                            Transmutation/Earth          4
   Ignite Poison                      Fire/Transmutation           5
   Irradiate                          Conjuration/Transmutation    5
 L - a book of Party Tricks

   Spells                             Type                      Level
   Summon Butterflies                 Summoning                    1
   Apportation                        Translocation                1
   Blink                              Translocation                2
   Tukima's Dance                     Hexes                        3
   Alistair's Intoxication            Transmutation/Poison         4
Comestibles
 d - 9 bread rations
 g - 9 slices of pizza
 k - 3 beef jerkies
 t - 3 meat rations
 M - 2 fruits


   Skills:
 * Level 8.0 Fighting
 * Level 8.0 Axes
 + Level 6.3 Armour
 + Level 4.7 Dodging
 + Level 7.1 Shields
 * Level 4.5 Invocations
 - Level 0.6 Evocations


You had 9 spell levels left.
You didn't know any spells.

Dungeon Overview and Level Annotations

Branches:
Dungeon (9/15)             Temple (1/1) D:5
    Orc: D:9-12        Lair: D:8-11

Altars:
Ashenzari
Cheibriados
Dithmenos
Elyvilon
Fedhas
Gozag
Kikubaaqudgha
Makhleb
Nemelex Xobeh
Okawaru
Qazlal
Ru
Sif Muna
Trog
Vehumet
Xom
Yredelemnul
Zin
The Shining One

Shops:
D:4 *   D:5 !


Innate Abilities, Weirdness & Mutations

You are resistant to torment.
You are immune to poison.
Your stone body is very resilient (AC +7).
You resist negative energy.
You are resistant to electric shocks.
You can survive without breathing.
You are immune to petrification.
You are immune to rotting.
Your flesh is cold resistant.
You are weak. (Str -2)


Message History

You destroy the worker ant zombie!
Okawaru accepts your kill. The hill giant zombie hits you.
* * * LOW HITPOINT WARNING * * *
You hit the hill giant zombie.
The hill giant zombie hits you but does no damage.
You hit the hill giant zombie. The hill giant zombie hits you.
* * * LOW HITPOINT WARNING * * *
You hit the hill giant zombie but do no damage.
The hill giant zombie hits you!
* * * LOW HITPOINT WARNING * * *
You slash the hill giant zombie!
The hill giant zombie closely misses you.
You slash the hill giant zombie! The hill giant zombie hits you.
* * * LOW HITPOINT WARNING * * *
You completely miss the hill giant zombie.
You hit the hill giant zombie.
The hill giant zombie hits you but does no damage.
You slash the hill giant zombie! The hill giant zombie hits you.
You die...

###############
#######...............
#......................
#......................
#......................
#.......................
#..............@Z.......
#.......................
#............$.........
#......................
#......................
#######...............
#### #..............
...# #.............
##.#####..........


You could see a hill giant zombie.

Vanquished Creatures
  The ghost of vogonpoet the Basher, an experienced DsBe of Trog (D:7)
  A troll (D:9)
  Grinder (D:4)
  A two-headed ogre (D:9)
  A hill giant zombie (D:5)
  Eustachio (D:7)
  A human (D:7)
  The ghost of nht the Insei, an average DrTm of Okawaru (D:4)
  A hippogriff (D:7)
  2 sky beasts (D:7)
  2 ice beasts (D:9)
  2 orc warriors
  5 ogres
  A phantom (D:6)
  5 centaurs
  Blork the orc (D:7)
  A scorpion (D:8)
  3 wights (D:6)
  3 crimson imps
  4 jellies
  3 orc priests
  A centaur zombie (D:8)
  A giant frog skeleton (D:4)
  2 hounds
  6 orc wizards
  4 iguanas
  An iron imp (D:7)
  4 worker ants
  A big kobold zombie (D:8)
  4 sheep (D:7)
  4 gnolls (D:8)
  2 worker ant zombies
  13 adders
  A shadow imp (D:5)
  2 giant mites
  A worm (D:2)
  2 adder skeletons
  An iguana skeleton (D:6)
  2 oozes (D:2)
  31 orcs
  2 bat skeletons
  A bat zombie (D:8)
  3 giant cockroaches
  10 goblins
  11 hobgoblins
  12 jackals
  15 kobolds
  6 quokkas
  9 bats
  4 giant geckos
  4 giant newts
  A giant newt zombie (D:5)
  A hobgoblin skeleton (D:5)
  2 kobold zombies
  2 orc skeletons
  An orc zombie (D:9)
  A quokka zombie (D:7)
  11 rats
  2 rat zombies
  A ballistomycete (D:7)
223 creatures vanquished.

Vanquished Creatures (others)
  A wizard (D:6)
  A giant spore (D:7)
2 creatures vanquished.

Grand Total: 225 creatures vanquished

Notes
Turn   | Place    | Note
--------------------------------------------------------------
     0 | D:1      | Herrn, the Gargoyle Fighter, began the quest for the Orb.
     0 | D:1      | Reached XP level 1. HP: 14/14 MP: 1/1
   204 | D:1      | Reached XP level 2. HP: 14/19 MP: 2/2
   642 | D:2      | Reached XP level 3. HP: 23/23 MP: 3/3
   975 | D:2      | Reached XP level 4. HP: 25/29 MP: 4/4
   990 | D:2      | Reached skill level 4 in Armour
  1309 | D:3      | Found a shadowy altar of Dithmenos.
  1309 | D:3      | Found a sparkling altar of Nemelex Xobeh.
  1311 | D:3      | Found an opulent altar of Gozag.
  1351 | D:3      | Found a shadowy altar of Dithmenos.
  1425 | D:3      | Reached skill level 1 in Dodging
  1425 | D:3      | Reached XP level 5. HP: 33/33 MP: 5/5
  1449 | D:3      | Noticed a centaur
  1454 | D:3      | Killed a centaur
  1528 | D:3      | Reached XP level 6. HP: 30/39 MP: 6/6
  1742 | D:4      | Noticed nht's ghost (average DrTm)
  1743 | D:4      | Gained mutation: You are weak. (Str -2) [potion of mutation]
  1743 | D:4      | Gained mutation: Your flesh is cold resistant. [potion of mutation]
  1751 | D:4      | Killed nht's ghost
  1959 | D:4      | Reached skill level 5 in Fighting
  1959 | D:4      | Reached XP level 7. HP: 36/44 MP: 7/7
  1992 | D:4      | Noticed Grinder
  2010 | D:4      | Paralysed by Grinder for 3 turns
  2035 | D:4      | Killed Grinder
  2263 | D:4      | Reached skill level 5 in Shields
  2345 | D:4      | Reached skill level 5 in Axes
  2345 | D:4      | Reached XP level 8. HP: 28/51 MP: 8/8
  2514 | D:4      | Found a glowing silver altar of Zin.
  2579 | D:4      | Found Zides' General Store.
  2734 | D:4      | Reached skill level 5 in Armour
  2865 | D:5      | Entered Level 5 of the Dungeon
  2978 | D:5      | Found a staircase to the Ecumenical Temple.
  3038 | Temple   | Entered the Ecumenical Temple
  3071 | Temple   | Became a worshipper of Warmaster Okawaru
  3638 | D:5      | Found Zonevoca's Distillery.
  3668 | D:5      | Reached skill level 6 in Fighting
  3963 | D:5      | Reached skill level 1 in Invocations
  4430 | D:5      | Reached XP level 9. HP: 44/56 MP: 11/11
  4715 | D:6      | Found a bloodstained altar of Trog.
  4715 | D:6      | Noticed a wizard
  4722 | D:6      | Killed a wizard
  4775 | D:6      | Acquired Okawaru's first power
  6044 | D:7      | Noticed Blork the orc
  6079 | D:7      | Killed Blork the orc
  6297 | D:7      | Noticed Eustachio
  6315 | D:7      | Reached skill level 7 in Fighting
  6332 | D:7      | Killed Eustachio
  6381 | D:7      | Found a deep blue altar of Sif Muna.
  6381 | D:7      | Found a radiant altar of Vehumet.
  6383 | D:7      | Found a snail-covered altar of Cheibriados.
  6461 | D:7      | Noticed vogonpoet's ghost (experienced DsBe)
  6507 | D:7      | Killed vogonpoet's ghost
  6507 | D:7      | Reached XP level 10. HP: 46/63 MP: 15/17
  6614 | D:7      | Found a white marble altar of Elyvilon.
  6615 | D:7      | Found a shimmering altar of Xom.
  7077 | D:8      | Found a stormy altar of Qazlal.
  7389 | D:8      | Found a shimmering altar of Xom.
  7389 | D:8      | Found a shimmering altar of Xom.
  7389 | D:8      | Noticed a guardian serpent
  7390 | D:8      | Found a shimmering altar of Xom.
  7391 | D:8      | Found a shimmering altar of Xom.
  7391 | D:8      | Found a shimmering altar of Xom.
  7391 | D:8      | Found a shimmering altar of Xom.
  7391 | D:8      | Found a shimmering altar of Xom.
  7735 | D:9      | Reached skill level 8 in Fighting
  8156 | D:9      | HP: 2/64 [hill giant zombie (13)]
  8161 | D:9      | Slain by a hill giant zombie

Action                   |  1- 3 |  4- 6 |  7- 9 | 10-12 || total
-------------------------+-------+-------+-------+-------++-------
Melee: War axe           |   114 |   139 |   543 |   219 ||  1015
       Hand axe          |       |       |     1 |       ||     1
Invok: Heroism           |       |       |     1 |     3 ||     4
Evoke: Wand              |       |       |     1 |     1 ||     2
  Use: Scroll            |       |     5 |     5 |       ||    10
       Potion            |       |     2 |     8 |     1 ||    11
  Eat: Chunk             |       |     4 |    13 |     5 ||    22
       Pizza             |       |       |     1 |       ||     1
